 Dungeon Crawl Stone Soup version 0.27.1-33-g824d729ab1 (webtiles) character file.

Game seed: 3421211782216761011

1642 alasdair19 the Slasher (level 8, -4/70 HPs)
             Began as a Minotaur Fighter on Dec 22, 2021.
             Was an Initiate of Okawaru.
             Splashed by an acid dragon's acid (6 damage)
             ... on level 6 of the Dungeon.
             The game lasted 00:21:16 (6017 turns).

alasdair19 the Slasher (Minotaur Fighter)           Turns: 6017, Time: 00:21:17

Health: -4/70      AC:  0    Str: 23    XL:     8   Next: 67%
Magic:  7/7        EV:  8    Int:  6    God:    Okawaru [......]
Gold:   254        SH: 10    Dex:  9    Spells: 7/7 levels left

rFire    . . .     SeeInvis .   e - +0 long sword
rCold    . . .     Faith    .   c - +0 kite shield
rNeg     . . .     Spirit   .   b - +0 scale mail
rPois    .         Reflect  .   (helmet restricted)
rElec    .         Harm     .   p - +0 cloak
rCorr    .         Rampage  .   (no gloves)
Will     .....                  g - +2 pair of boots
Stlth    ..........             (no amulet)
HPRegen  0.21/turn              (no ring)
MPRegen  0.10/turn              (no ring)

@: corroded
A: horns 2, retaliatory headbutt
a: Renounce Religion


You were on level 6 of the Dungeon.
You worshipped Okawaru.
Okawaru was noncommittal.
You visited 2 branches of the dungeon, and saw 7 of its levels.

You collected 270 gold pieces.
You spent 16 gold pieces at shops.

Inventory:

Hand Weapons
 e - a +0 long sword (weapon)
 q - a +0 hunting sling
 u - a +4 short sword of flaming
Missiles
 w - 60 sling bullets
Armour
 b - a +0 scale mail (worn)
 c - a +0 kite shield (worn)
 g - a +2 pair of boots (worn)
 p - a +0 cloak (worn)
 r - a scarf of shadows
Jewellery
 a - an amulet of reflection
 z - an amulet of the acrobat
Wands
 l - a wand of mindburst (19)
 y - a wand of flame (9)
Scrolls
 h - a scroll of enchant weapon {unknown}
 i - a scroll of vulnerability
 j - a scroll of magic mapping {unknown}
 k - a scroll of fog
 o - a scroll of teleportation
 t - 2 scrolls of fear {unknown}
 v - a scroll of enchant armour {unknown}
 x - a scroll of amnesia {unknown}
Potions
 d - a potion of berserk rage {unknown}
 f - 6 potions of curing
 m - a potion of heal wounds
 n - a potion of haste
 s - a potion of cancellation


   Skills:
 + Level 6.2 Fighting
 + Level 6.5 Long Blades
 + Level 5.9 Slings
 + Level 6.3 Armour
 + Level 5.8 Shields
 * Level 3.0 Evocations


You had 7 spell levels left.
You didn't know any spells.
Your spell library contained the following spells:

 Spells                   Type           Power      Damage    Failure   Level
 Animate Skeleton         Necr           0%         N/A       98%         1
 Pain                     Necr           0%         1d4       98%         1
 Vampiric Draining        Necr           0%         2d6       100%        3


Dungeon Overview and Level Annotations

Branches:
Dungeon (6/15)             Temple (1/1) D:6

Altars:
Cheibriados
Dithmenos
Elyvilon
Fedhas
Hepliaklqana
Kikubaaqudgha
Makhleb
Nemelex Xobeh
Okawaru
Qazlal
Ru
Sif Muna
Trog
Uskayaw
Vehumet
Wu Jian
Xom
Yredelemnul
Zin
The Shining One

Shops:
D:1 *([


Innate Abilities, Weirdness & Mutations

You have a pair of horns on your head.
You reflexively headbutt those who attack you in melee.


Message History

The acid dragon roars!
The acid dragon spits acid at you.
The splash of acid hits you but does no damage.
The acid corrodes you!
You are splashed with acid!
Fire: 61 sling bullets
Press: ? - help, Q - select action, (/) - cycle Shift-Dir - straight line, f/p - acid dragon
Aim: an acid dragon (catching its breath, 60% to hit)
You shoot a sling bullet.
The sling bullet barely misses the acid dragon.
e - a +0 long sword (weapon)
The acid dragon barely misses you.
You riposte.
You barely miss the acid dragon. Your headbutt misses the acid dragon.
The acid dragon claws you.
You hit the acid dragon but do no damage.
The acid dragon bites you. The acid dragon closely misses you.
You hit the acid dragon but do no damage.
The acid dragon bites you but does no damage.
You block the acid dragon's attack.
You completely miss the acid dragon. The acid dragon closely misses you.
The acid dragon claws you. You block the acid dragon's attack.
The acid dragon claws you.
You hit the acid dragon but do no damage.
The acid dragon misses you. The acid dragon claws you.
You closely miss the acid dragon. You block the acid dragon's attack.
The acid dragon closely misses you.
You hit the acid dragon but do no damage.
The acid dragon spits acid at you. The splash of acid hits you!
The acid corrodes you!
You are splashed with acid!
* * * LOW HITPOINT WARNING * * *
You hear a shout!
Your scale mail prevents you from hitting the acid dragon.
The acid dragon bites you!
* * * LOW HITPOINT WARNING * * *
The acid dragon claws you but does no damage.
A gnoll comes into view. It is wielding a +0 spear.
The acid dragon spits acid at you. The splash of acid hits you!
* * * LOW HITPOINT WARNING * * *
The acid corrodes you!
You are splashed with acid.
You die...

...# #...............#
...# #...........#..##.
...###.............#...
#.................##.##
#..#.#...........>.....
##.....................
_#..##............##
##...##########...#
#....# #....@D# #....#
#...##.#..(.# ....##
#.# #....####
....##.... #..#.#
#.#.#..# ...#.# #.#.#.#
#.#.#.# #.....# #.#.#.#
....... #.#g .# ....###


You could see an acid dragon (catching breath) and a gnoll.

Vanquished Creatures
  Prince Ribbit (D:5)
  An orc warrior (D:6)
  2 necrophages
  2 ice beasts
  2 ogres
  A phantom (D:5)
  Blork the orc (D:5)
  2 scorpions
  A wyvern zombie (D:6)
  A howler monkey (D:6)
  A hound (D:6)
  A centaur zombie (D:6)
  2 jellies (D:5)
  A centaur skeleton (D:2)
  Crazy Yiuf (D:3)
  2 iguanas
  Terence (D:3)
  An orc wizard (D:6)
  A killer bee zombie (D:5)
  A howler monkey zombie (D:6)
  7 adders
  2 ufetubi
  An adder skeleton (D:4)
  2 worms
  2 dart slugs
  11 orcs
  3 bats
  5 endoplasms
  2 giant cockroaches
  7 hobgoblins
  2 jackals (D:3)
  A quokka (D:1)
  7 ball pythons
  2 frilled lizards
  4 goblins
  10 kobolds
  A rat (D:2)
95 creatures vanquished.

Vanquished Creatures (others)
  A plant (D:2)
1 creature vanquished.

Grand Total: 96 creatures vanquished

Notes
Turn   | Place    | Note
-------+----------+-------------------------------------------
     0 | D:1      | alasdair19 the Minotaur Fighter began the quest for the
                  | Orb.
     0 | D:1      | Reached XP level 1. HP: 19/19 MP: 0/0
    96 | D:1      | Found Veuguos's Antique Weapon Shoppe.
   116 | D:1      | Found Mukyuq's Armour Boutique.
   469 | D:1      | Found a faded altar of an unknown god.
   606 | D:1      | Reached XP level 2. HP: 27/27 MP: 1/1
   866 | D:1      | Found Yleungim's General Store.
   869 | D:1      | Bought a +0 hunting sling for 16 gold pieces
  1209 | D:2      | Reached XP level 3. HP: 31/33 MP: 2/2
  1638 | D:2      | Reached XP level 4. HP: 40/40 MP: 3/3
  2190 | D:3      | Noticed Terence
  2207 | D:3      | Killed Terence
  2337 | D:3      | Found an ancient bone altar of Kikubaaqudgha.
  2337 | D:3      | Found a blossoming altar of Fedhas.
  2669 | D:3      | Found a runed translucent door.
  2670 | D:3      | Noticed Crazy Yiuf
  3094 | D:3      | Killed Crazy Yiuf
  3095 | D:3      | Reached skill level 1 in Slings
  3095 | D:3      | Reached XP level 5. HP: 16/47 MP: 4/4
  3604 | D:4      | Found a shimmering blue altar of Sif Muna.
  3787 | D:4      | Found a shadowy altar of Dithmenos.
  3974 | D:4      | Reached XP level 6. HP: 43/53 MP: 5/5
  4454 | D:5      | Entered Level 5 of the Dungeon
  4474 | D:5      | Reached skill level 5 in Armour
  4474 | D:5      | Reached skill level 5 in Shields
  4495 | D:5      | Reached skill level 5 in Long Blades
  4497 | D:5      | Noticed Blork the orc
  4505 | D:5      | Killed Blork the orc
  4506 | D:5      | Reached skill level 5 in Fighting
  4506 | D:5      | Reached XP level 7. HP: 24/61 MP: 6/6
  4769 | D:5      | Noticed Prince Ribbit
  4792 | D:5      | Killed Prince Ribbit
  4793 | D:5      | Reached skill level 1 in Evocations
  5363 | D:6      | Found a staircase to the Ecumenical Temple.
  5366 | D:6      | Reached XP level 8. HP: 70/70 MP: 7/7
  5371 | Temple   | Entered the Ecumenical Temple
  5622 | D:6      | Reached skill level 5 in Slings
  5903 | D:6      | Found an iron altar of Okawaru.
  5912 | D:6      | Became a worshipper of Warmaster Okawaru
  6017 | D:6      | HP: 2/70 [acid dragon/splash of acid (10)]
  6017 | D:6      | Splashed by an acid dragon's acid

Illustrated notes

Levels and vault maps discovered:
D:1:      lightli_iron_boxes, layout_basic, serial_shops, shop_statue,
          nicolae_diamond_shop, shop, shapermc_ecumenical_altar_mp_highgroup,
          dk_noncrumbling_2
D:2:      layout_loops_ring, serial_bayou, serial_bayou_lake_a,
          serial_bayou_pond_a, serial_bayou_pond_e, serial_bayou_pond_a
D:3:      layout_loops_ring, grunt_temple_overflow_growth_and_decay,
          uniq_crazy_yiuf_cottage, uniq_terence
D:4:      layout_loops_ring, mainiacjoe_overflow_surrounded_room,
          lemuel_round_altar
D:5:      layout_cave_pools, uniq_blork_the_orc, uniq_prince_ribbit1
D:6:      layout_rooms, okawaru_altar_gauntlet_db, minmay_temple_entry_overgrown
Temple:   regret_index_temple_generic_petals

Skill      XL: |  1  2  3  4  5  6  7  8 |
---------------+-------------------------+-----
Shields        | 4 5 |  5.8
Fighting       | 4 5 6 |  6.2
Long Blades    | 3 4 5 6 |  6.5
Armour         | 4 5 6 |  6.3
Slings         | 1 2 3 4 5 |  5.9
Evocations     | 1 3 |  3.0

Action                   |  1- 3 |  4- 6 |  7- 9 || total
-------------------------+-------+-------+-------++-------
Melee: Long sword        |    57 |   117 |    77 ||   251
       Headbutt          |    10 |    20 |     8 ||    38
 Fire: Hunting sling     |       |    60 |    57 ||   117
  Use: Scroll            |     1 |     4 |     4 ||     9
       Potion            |       |     1 |     1 ||     2
Armor: Scale mail        |    29 |    46 |    47 ||   122
Dodge: Dodged            |    16 |    36 |    30 ||    82
Block: Kite shield       |    35 |    52 |    34 ||   121
       Rpst.: Long sword |     7 |    10 |    13 ||    30
